 Dungeon Crawl Stone Soup version 0.30-a0-939-gc8157cb160 (webtiles) character file.

Game seed: 2124139541541159769

2 Sobieck the Sneak (level 1, -2/19 HPs)
             Began as an Armataur Delver on Mar 25, 2023.
             Slain by an iguana (6 damage)
             ... on level 4 of the Dungeon.
             The game lasted 00:00:43 (110 turns).

Sobieck the Sneak (Armataur Delver)                  Turns: 110, Time: 00:00:44

Health: -2/19      AC:  4    Str: 17    XL:     1   Next: 25%
Magic:  1/1        EV:  9    Int: 10    God:
Gold:   29         SH:  0    Dex: 11    Spells: 0/0 levels left

rFire   . . .      SeeInvis .    a - +0 short sword {short}
rCold   . . .      Faith    .    (no shield)
rNeg    . . .      Spirit   .    b - +0 leather armour
rPois   .          Reflect  .    (no helmet)
rElec   .          Roll     +    (no cloak)
rCorr   .                        (no gloves)
Will    .....                    (no barding)
Stlth   +++                      (no amulet)
HPRegen 0.23/turn                (no ring)
MPRegen 0.07/turn                (no ring)

@: hasted, very quick
A: large, rugged brown scales 3, deformed body, armoured tail, roll, long
tongue, awkward tongue
a: no special abilities


You were on level 4 of the Dungeon.
You visited 1 branch of the dungeon, and saw 2 of its levels.

You collected 29 gold pieces.


Innate Abilities, Weirdness & Mutations

You are completely covered in rugged brown scales. (AC +3, +7% HP)
Armour fits poorly on your strangely shaped body.
You have a long armoured tail.
You roll when moving toward enemies. (Rampage)
Your long tongue fully drains potion bottles. (2x potion effects)
Your tongue gives you trouble enunciating. (1.5x scroll delay)


   Skills:
 - Level 2.6 Fighting
 + Level 2.0 Short Blades
 - Level 1.3 Dodging
 - Level 5.4 Stealth


You couldn't memorise any spells.
You didn't know any spells.
Your spell library was empty.

Inventory:

Hand Weapons
 a - a +0 short sword (weapon) {short}
Missiles
 i - 9 stones (quivered) {throwing}
Armour
 b - a +0 leather armour (worn)
 j - a +0 ring mail
   (You found it on level 4 of the Dungeon)
Wands
 g - a wand of digging (3)
Scrolls
 c - a scroll of fog
 d - a scroll of magic mapping {!r}
 e - a scroll of fear
Potions
 h - a potion of magic {unknown}

Dungeon Overview and Level Annotations

Branches:
Dungeon (5/15) Zot: 11892
 Temple: D:4-7

Altars:

..###...........##..#.##.#
##.#.##.............#.##.##
......>.##................#
###.######.....######.###.#
#.# #.....# #.# #.# #.#
###.### ###.# #.# #.# # #.#
##...###.# #..
....#####........# #.#
#....@l<.......# ..#
#######..#.##..#
#..#.##..... ....#.###.###
.......# #.# .###.#### #.#
#.# .# #.#


You could see an iguana.


Message History

🤖 Initializing magus.rc ...
Options error: Bad monster_list_colour key: strict_neutral (~/.crawlrc:4823) Bad channel name for runrest: 'pray:' ✅ Successfully initialized magus_sobieck.rc [v0.0.5] Welcome, Sobieck the Armataur Delver.
Will you prevail where others failed? Will you find the Orb of Zot?
Press ? for a list of commands and other information.
Found a stone staircase leading down and a stone staircase leading up.
Unknown command.
There is a stone staircase leading up here.
You open the door.
There is an open door here.
You open the door.
There is an open door here.
h - a glowing puce potion Unknown command.
(D) Dungeon
Where to? (? - help)
There is an open door here.
There is a stone staircase leading up here.
You climb upwards.
There is a stone staircase leading down here.
Unknown command.
You now have 14 gold pieces.
A ball python comes into view.
Danger!
The ball python bites you but does no damage.
You see here 4 stones {throwing}.
You hit the ball python.
You kill the ball python!
Unknown command.
i - 4 stones {throwing} You now have 29 gold pieces (gained 15).
i - 9 stones {throwing} (gained 5)
j - a +0 ring mail Unknown command.
Found a stone staircase leading up.
An iguana comes into view.
A goblin comes into view. It is wielding a +0 club.
Danger!
There is a stone staircase leading up here.
Unknown command.
Unknown command.
The goblin shouts!
You hit the iguana but do no damage.
The iguana bites you but does no damage.
You hit the iguana. You tail-slap the iguana! The iguana bites you.
Unknown command.
You hit the iguana but do no damage. The goblin hits you but does no damage.
The iguana bites you but does no damage.
You barely miss the iguana. The goblin hits you but does no damage.
The iguana barely misses you.
Unknown command.
You hit the iguana. The goblin hits you but does no damage.
The iguana bites you.
* * * LOW HITPOINT WARNING * * *
Unknown command.
You barely miss the iguana. The goblin hits you but does no damage.
The iguana bites you but does no damage.
Unknown command.
The iguana bites you.
* * * LOW HITPOINT WARNING * * *
The iguana attacks as you move away!
The iguana bites you but does no damage.
Unknown command.
You barely miss the goblin. The goblin hits you with a +0 club.
* * * LOW HITPOINT WARNING * * *
Unknown command.
You hit the goblin but do no damage.
Your tail-slap misses the goblin.
The goblin closely misses you.
Unknown command.
You hit the goblin.
Your tail-slap misses the goblin.
The goblin hits you with a +0 club.
* * * LOW HITPOINT WARNING * * *
Unknown command.
You feel yourself speed up.
You slurp down every last drop of the potion of haste {@q3}!
The goblin barely misses you.
You closely miss the goblin.
Your tail-slap misses the goblin.
You hit the goblin.
You kill the goblin!
Your Short Blades skill increases to level 2!
You barely miss the iguana. The iguana closely misses you.
You hit the iguana but do no damage. You hit the iguana but do no damage.
The iguana barely misses you.
You hit the iguana. The iguana bites you.
You die...

Skill      XL: |  1 |
---------------+----+-----
Short Blades   | 2 |  2.0
Fighting       | |  2.6
Dodging        | |  1.3
Stealth        | |  5.4

Action                     || total
---------------------------++-------
  Melee: Short sword       ||    16
         Tailslap          ||     1
    Use: Potion            ||     1
 Armour: Leather armour    ||     9
  Dodge: Dodged            ||     5

Levels and vault maps discovered:
D:4:      minmay_chambers_of_twos, layout_loops_ring, nemelex_dance_club_becter,
          hangedman_ru_absence, amcnicky_mini_pool_small
D:5:      layout_gridville, minmay_temple_entry_statues

Notes
Turn   | Place    | Note
-------+----------+-------------------------------------------
     0 | D:5      | Sobieck the Armataur Delver began the quest for the Orb.
     0 | D:5      | Reached XP level 1. HP: 19/19 MP: 1/1
    88 | D:4      | Noticed an iguana
   103 | D:4      | HP: 3/19 [goblin/+0 club (3)]
   107 | D:4      | Reached skill level 2 in Short Blades
   110 | D:4      | Slain by an iguana

Vanquished Creatures
  A goblin (D:4)
  A ball python (D:4)
2 creatures vanquished.

Table legend:
 A = Non-vault XP
 B = Vault XP
 C = Vault XP percentage of total XP
 D = Non-vault monster count
 E = Vault monster count
 F = Vault count percentage of total count
                 A         B        C        D         E       F
            +---------+---------+-------+---------+---------+-------
      Total |       3 |       0 |   0.0 |       2 |       0 |   0.0
            +---------+---------+-------+---------+---------+-------
        D:4 |       3 |       0 |   0.0 |       2 |       0 |   0.0
            +---------+---------+-------+---------+---------+-------

Illustrated notes

Table legend:
 A = Kills in this place as a percentage of kills in the entire game.
 B = Kills by you in this place as a percentage of kills by you in the entire game.
 C = Kills by friends in this place as a percentage of kills by friends in the entire game.
 D = Other kills in this place as a percentage of other kills in the entire game.
 E = Experience gained in this place as a percentage of experience gained in the entire game.
 F = Experience gained in this place divided by the number of levels of this place that you have seen.
                   A       B       C       D       E      F
               +-------+-------+-------+-------+-------+----------------------
         Total | 100.0 | 100.0 |   N/A |   N/A | 100.0 |   1.5
       Dungeon | 100.0 | 100.0 |   N/A |   N/A | 100.0 |   1.5
               +-------+-------+-------+-------+-------+----------------------

Table legend: (Time is in decaauts)
 A = Elapsed time spent in this place.
 B = Non-inter-level travel time spent in this place.
 C = Inter-level travel time spent in this place.
 D = Time resting spent in this place.
 E = Time spent auto-exploring this place.
 F = Levels seen in this place.
 G = Mean time per level.
                   A        B        C        D        E       F      G
               +--------+--------+--------+--------+--------+-----+--------+
         Total |    107 |    100 |      7 |      0 |     49 |   2 |   53.5 |
       Dungeon |    107 |    100 |      7 |      0 |     49 |   2 |   53.5 |
               +--------+--------+--------+--------+--------+-----+--------+

Top non-repeatable levels by time:
     D:4: 86 daAuts
     D:5: 21 daAuts
